 Dungeon Crawl Stone Soup version 0.20.1-1-g8b1a95d (webtiles) character file.

3170 JeffiDaFish the Magician (level 9, -2/50 HPs)
             Began as a Gargoyle Venom Mage on July 15, 2017.
             Was a Follower of Vehumet.
             Slain by a three-headed hydra (7 damage)
             ... on level 7 of the Dungeon on July 16, 2017.
             The game lasted 00:29:06 (6831 turns).

JeffiDaFish the Magician (Gargoyle Venom Mage)      Turns: 6831, Time: 00:29:06

Health: -2/50      AC: 12    Str: 11    XL:     9   Next: 94%
Magic:  27/27      EV: 12    Int: 19    God:    Vehumet [*.....]
Gold:   288        SH:  0    Dex: 11    Spells: 11/21 levels left

rFire    . . .     SeeInvis .   h - +1 dagger (venom)
rCold    . . .     Gourm    .   (no shield)
rNeg     + . .     Faith    .   i - +2 leather armour
rPois    ∞         Spirit   .   (no helmet)
rElec    +         Reflect  .   w - +0 cloak
rCorr    .         Harm     .   (no gloves)
MR       .....                  (no boots)
Stlth    ++........             t - amulet of magic regeneration
Regen    0.2/turn               l - ring of wizardry
MPRegen  0.3/turn               m - ring of magical power

@: no status effects
A: negative energy resistance 1, electricity resistance, unbreathing,
petrification resistance, rot immunity, AC +5
a: Renounce Religion


You were on level 7 of the Dungeon.
You worshipped Vehumet.
Vehumet was aware of your devotion.
You were not hungry.

You visited 2 branches of the dungeon, and saw 9 of its levels.

You collected 398 gold pieces.
You spent 110 gold pieces at shops.

Inventory:

Hand Weapons
 h - a +1 dagger of venom (weapon)
Armour
 i - a +2 leather armour (worn)
 w - a +0 cloak (worn)
Magical Staves
 a - an uncursed staff of wizardry
Jewellery
 j - an uncursed ring of resist corrosion
 k - the amulet of Anarchy {Gourm *Slow MR++ Stlth+}
   (You bought it in a shop on level 5 of the Dungeon)

   [amulet of the gourmand]

   It allows you to eat raw meat even when not hungry.
   It affects your resistance to hostile enchantments.
   It may slow you when you take damage.
   It makes you more stealthy.
 l - a ring of wizardry (left hand)
 m - a ring of magical power (right hand)
 t - an amulet of magic regeneration (around neck)
Wands
 v - a wand of flame (16/48)
Scrolls
 g - 4 scrolls of remove curse
 n - 2 scrolls of fog
 o - 3 scrolls of magic mapping
 q - 2 scrolls of teleportation
 u - a scroll of identify
Potions
 e - a potion of brilliance
 p - 2 potions of cancellation
Books
 b - a Young Poisoner's Handbook

   Spells                             Type                      Level
   a - Sting                          Conjuration/Poison           1
   b - Poisonous Vapours              Poison/Air                   2
   c - Mephitic Cloud                 Conjuration/Poison/Air       3
   d - Olgreb's Toxic Radiance        Poison                       4
   e - Venom Bolt                     Conjuration/Poison           5
Comestibles
 c - 7 bread rations
 d - 3 royal jellies
 f - 3 meat rations
 r - 7 fruits
 x - a chunk of flesh


   Skills:
 + Level 3.0 Fighting
 + Level 4.1 Short Blades
 + Level 3.3 Armour
 + Level 3.3 Dodging
 + Level 4.6 Stealth
 + Level 0.2 Unarmed Combat
 + Level 6.6 Spellcasting
 + Level 3.0 Conjurations
 + Level 4.0 Air Magic
 + Level 6.5 Poison Magic


You had 11 spell levels left.
You knew the following spells:

 Your Spells              Type           Power        Failure   Level  Hunger
a - Sting                 Conj/Pois      ###.         1%          1    None
b - Poisonous Vapours     Pois/Air       ####..       1%          2    None
c - Mephitic Cloud        Conj/Pois/Air  ###.....     2%          3    ##.....
d - Olgreb's Toxic Radia  Pois           ####....     3%          4    ####...


Dungeon Overview and Level Annotations

Branches:
Dungeon (8/15)             Temple (1/1) D:4
   Lair: D:8-11

Altars:
Cheibriados
Dithmenos
Elyvilon
Fedhas
Hepliaklqana
Kikubaaqudgha
Makhleb
Nemelex Xobeh
Qazlal
Ru
Sif Muna
Trog
Uskayaw
Vehumet
Xom
Yredelemnul
Zin
The Shining One

Shops:
D:5 *   D:7 (


Innate Abilities, Weirdness & Mutations

You are resistant to torment.
Your stone body is resilient. (AC +5)
You are immune to poison.
You resist negative energy. (rN+)
You are resistant to electric shocks. (rElec)
You can survive without breathing.
You are immune to petrification.
You are immune to rotting.


Message History

The three-headed hydra barely misses you.
The three-headed hydra closely misses you.
You hit the three-headed hydra.
The three-headed hydra is lightly wounded.
The three-headed hydra bites you but does no damage. x3
You hit the three-headed hydra but do no damage.
You hit the three-headed hydra.
The three-headed hydra looks even sicker.
The three-headed hydra is lightly wounded.
The three-headed hydra bites you.
* * * LOW HITPOINT WARNING * * *
The three-headed hydra bites you!
* * * LOW HITPOINT WARNING * * *
The three-headed hydra misses you.
You hit the three-headed hydra.
The three-headed hydra looks as sick as possible!
The three-headed hydra is lightly wounded.
The three-headed hydra closely misses you.
The three-headed hydra bites you!
You die...

########## #........#
#........#
###........###############
#.'.....D@.'..............
#.#........###############
#.#........# #
#.#........# #
#.#........# ######## #
#.#....(...# #......###
#.#...(....# ##.###....
#.################.###..#.
#>...<..................+.


You could see a three-headed hydra.

Vanquished Creatures
  A troll (D:6)
  2 dream sheep (D:8)
  A hippogriff (D:6)
  Eustachio (D:5)
  Edmund (D:5)
  A water moccasin (D:7)
  A sky beast (D:6)
  4 ogres
  5 centaurs
  A bullfrog (D:7)
  2 big kobolds (D:8)
  Blork the orc (D:6)
  2 scorpions
  4 killer bees (D:7)
  2 howler monkeys
  2 crimson imps (D:7)
  2 bullfrog zombies
  3 hounds
  An orc priest (D:5)
  4 orc wizards
  Crazy Yiuf (D:7)
  An iguana (D:7)
  A worker ant (D:5)
  A hound skeleton (D:5)
  2 hound zombies
  7 gnolls (D:5)
  9 adders
  3 adder skeletons
  4 worms
  3 dart slugs
  2 leopard geckos
  23 orcs
  5 bats
  3 giant cockroaches
  7 goblins
  9 hobgoblins
  8 jackals
  3 quokkas
  A ball python (D:1)
  4 frilled lizards
  4 kobolds (D:1)
  12 rats
154 creatures vanquished.

Notes
Turn   | Place    | Note
-------+----------+-------------------------------------------
     0 | D:1      | JeffiDaFish the Gargoyle Venom Mage began the quest for the Orb.
     0 | D:1      | Reached XP level 1. HP: 10/10 MP: 3/3
   281 | D:1      | Reached XP level 2. HP: 15/15 MP: 5/5
   473 | D:1      | Learned a level 2 spell: Poisonous Vapours
   955 | D:2      | Reached XP level 3. HP: 19/19 MP: 2/6
  1687 | D:2      | Found a hazy altar of Hepliaklqana.
  1688 | D:2      | Found a shimmering altar of Xom.
  1688 | D:2      | Noticed an earth elemental
  1689 | D:2      | Noticed an earth elemental
  1689 | D:2      | Noticed a spectral ugly thing
  1785 | D:3      | Reached XP level 4. HP: 24/24 MP: 1/7
  1804 | D:3      | Reached skill level 1 in Armour
  1984 | D:3      | Learned a level 3 spell: Mephitic Cloud
  3076 | D:4      | Reached skill level 1 in Air Magic
  3076 | D:4      | Reached XP level 5. HP: 28/28 MP: 9/9
  3146 | D:4      | Found a staircase to the Ecumenical Temple.
  3154 | D:4      | Found a blossoming altar of Fedhas.
  3184 | Temple   | Entered the Ecumenical Temple
  3360 | D:4      | Reached XP level 6. HP: 28/32 MP: 10/11
  3410 | D:4      | Found a burning altar of Makhleb.
  3594 | D:5      | Entered Level 5 of the Dungeon
  3630 | D:5      | Found a glowing silver altar of Zin.
  3643 | D:5      | Noticed Eustachio
  3665 | D:5      | Killed Eustachio
  3665 | D:5      | Reached XP level 7. HP: 35/37 MP: 8/13
  3674 | D:5      | Reached skill level 1 in Short Blades
  3777 | D:5      | Found a blossoming altar of Fedhas.
  3891 | D:5      | Noticed Edmund
  3947 | D:5      | Killed Edmund
  4089 | D:5      | Found Loca's Assorted Antiques.
  4092 | D:5      | Bought an ancient silver amulet for 110 gold pieces
  4092 | D:5      | Identified the amulet of Anarchy {Gourm *Slow MR++ Stlth+} (You bought it in a shop on level 5 of the Dungeon)
  4124 | D:5      | Reached XP level 8. HP: 42/42 MP: 14/14
  4168 | D:5      | Reached skill level 1 in Fighting
  4168 | D:5      | Reached skill level 5 in Poison Magic
  4176 | D:5      | Learned a level 4 spell: Olgreb's Toxic Radiance
  4228 | D:5      | Found a basalt altar of Yredelemnul.
  4308 | D:5      | Found a white marble altar of Elyvilon.
  4606 | D:6      | Noticed a troll
  4625 | D:6      | Noticed a hippogriff
  4631 | D:6      | Killed a troll
  4631 | D:6      | Reached skill level 5 in Spellcasting
  4669 | D:6      | Killed a hippogriff
  4939 | D:6      | Noticed Blork the orc
  4952 | D:6      | Killed Blork the orc
  4952 | D:6      | Reached XP level 9. HP: 17/48 MP: 17/17
  5707 | D:7      | Found a radiant altar of Vehumet.
  5708 | D:7      | Found a burning altar of Makhleb.
  5752 | D:7      | Became a worshipper of Vehumet
  6312 | D:7      | Found Weinal's Weapon Shoppe.
  6393 | D:7      | Found a runed door.
  6426 | D:7      | Noticed Crazy Yiuf
  6431 | D:7      | Killed Crazy Yiuf
  6640 | D:8      | Found a deep blue altar of Sif Muna.
  6678 | D:8      | Reached * piety under Vehumet
  6678 | D:8      | Offered knowledge of Freeze by Vehumet.
  6684 | D:8      | Noticed a three-headed hydra
  6831 | D:7      | Slain by a three-headed hydra

Skill      XL: |  1  2  3  4  5  6  7  8  9 |
---------------+----------------------------+-----
Armour         | 1 2 3 |  3.3
Stealth        | 3 4 |  4.6
Air Magic      | 1 2 3 4 |  4.0
Spellcasting   | 3 4 5 6 |  6.6
Dodging        | 2 3 |  3.3
Poison Magic   | 4 5 6 |  6.5
Short Blades   | 1 3 4 |  4.1
Conjurations   | 2 3 |  3.0
Fighting       | 2 3 |  3.0
Unarmed Combat | |  0.2

Action                   |  1- 3 |  4- 6 |  7- 9 || total
-------------------------+-------+-------+-------++-------
Melee: Dagger            |    64 |   108 |   280 ||   452
       Unarmed           |     2 |       |       ||     2
       Whip              |     1 |       |       ||     1
 Cast: Sting             |    32 |     2 |       ||    34
       Poisonous Vapours |    14 |    33 |    39 ||    86
       Mephitic Cloud    |       |     4 |    26 ||    30
       Olgreb's Toxic Ra |       |       |     8 ||     8
  Use: Scroll            |     6 |     5 |     4 ||    15
       Potion            |     2 |     4 |     6 ||    12
 Stab: Sleeping          |     3 |       |     2 ||     5
       Confused          |       |       |     6 ||     6
  Eat: Chunk             |     4 |     9 |    18 ||    31
Armor: Robe              |     3 |       |       ||     3
       Leather armour    |    20 |    29 |   105 ||   154
Dodge: Dodged            |    31 |    50 |   150 ||   231
